 Dungeon Crawl Stone Soup version 0.31-a0-430-gf8416d752b (webtiles) character file.

Game seed: 6698228691983430491

1483 Gargoyl the Chopper (level 8, -2/51 HPs)
             Began as a Gargoyle Berserker on July 31, 2023.
             Was a Believer of Trog.
             Slain by Duvessa
             ... wielding a +5 short sword of distortion
              (20 damage)
             ... on level 5 of the Dungeon.
             The game lasted 00:05:39 (3915 turns).

Gargoyl the Chopper (Gargoyle Berserker)            Turns: 3915, Time: 00:05:40

Health: -2/51      AC: 21    Str: 22    XL:     8   Next: 79%
Magic:  8/8        EV:  9    Int:  7    God:    Trog [**....]
Gold:   315        SH:  0    Dex: 11    Spells: 7/7 levels left

rFire   . . .        a - +1 hand axe
rCold   . . .        (no shield)
rNeg    + . .        t - +0 chain mail
rPois   ∞            r - +2 helmet of Complete Protection {Rampage}
rElec   +            j - +0 cloak
rCorr   .            e - +0 pair of gloves
SInv    .            h - +0 pair of boots
Will    ++...        (no amulet) Stlth
                     (no ring)
HPRegen 1.28/turn    (no ring)
MPRegen 0.11/turn

%: rampage
@: strong-willed, on berserk cooldown, regenerating, slowed, very slow
A: sickness immunity, AC +5, negative energy resistance 1, electricity
resistance, torment resistance 1, petrification resistance
a: Renounce Religion, Berserk, Trog's Hand


You were on level 5 of the Dungeon.
You worshipped Trog.
Trog was pleased with you.
You visited 1 branch of the dungeon, and saw 5 of its levels.
You visited the Abyss 1 time.

You collected 315 gold pieces.

Inventory:

Hand Weapons
 a - a +1 hand axe (weapon)
Missiles
 f - a throwing net
Armour
 e - a +0 pair of gloves (worn)
 h - a +0 pair of boots (worn)
 j - a +0 cloak (worn)
 r - the +2 helmet of Complete Protection (worn) {Rampage}
   (You acquired it on level 4 of the Dungeon)

   Rampage:   It bestows one free step when moving towards enemies.
 t - a +0 chain mail (worn)
Jewellery
 k - a +6 ring of intelligence
 s - a +5 ring of evasion
Potions
 c - 3 potions of heal wounds
 d - a potion of attraction
 i - a potion of magic
 l - 2 potions of berserk rage
 m - 2 potions of curing {unknown}
 n - a potion of invisibility {unknown}
 p - a potion of enlightenment {unknown}
 q - 2 potions of haste {unknown}


   Skills:
 + Level 5.9 Fighting
 + Level 7.5 Axes
 + Level 3.4 Armour
 + Level 4.1 Dodging
 + Level 2.6 Stealth


You had 7 spell levels left.
You didn't know any spells.
Your spell library was empty.

Dungeon Overview and Level Annotations

Branches:
Dungeon (5/15)
 Temple: D:4-7

Altars:
Uskayaw

Annotations:
D:5 Duvessa


Innate Abilities, Weirdness & Mutations

You are immune to sickness and miasma.
Your stone body is resilient. (AC +5)
You are immune to poison.
You resist negative energy. (rN+)
You are resistant to electric shocks. (rElec)
You are resistant to unholy torment.
You are immune to petrification.


Message History

Duvessa is severely wounded.
You barely miss Dowan. Dowan hits you but does no damage.
Duvessa barely misses you.
You slash Duvessa!
Duvessa is almost dead.
You hit Dowan. Dowan hits you but does no damage.
Duvessa hits you with a +5 short sword of distortion.
Space warps around you.
Unknown command.
You hit Dowan.
Dowan is moderately wounded.
You barely miss Duvessa.
Unknown command.
You slash Dowan!
Dowan is almost dead.
You hit Duvessa. Dowan hits you but does no damage.
Duvessa hits you but does no damage.
You blink.
Unknown command.
You feel a strong urge to attack something.
You are no longer berserk.
You are exhausted.
You feel yourself slow down. Dowan gestures at you while chanting.
The puff of flame hits you.
Your skin crawls.
You feel strong-willed.
You barely miss Dowan.
Dowan is almost dead.
Dowan hits you but does no damage.
You closely miss Duvessa.
Duvessa is almost dead.
You hit Dowan.
You kill Dowan!
Trog accepts your kill.
Trog appreciates your killing of a magic user.
Duvessa weeps, and shakes her weapon.
Duvessa goes berserk!
Duvessa hits you with a +5 short sword of distortion!
Space warps horribly around you!!
You die...

#.##.# #.# #############....# #.#
#......#...###########.#####
#......#...............#....
#.................######.###
***#...................#.###
#########.....####'###....#.#.###
..............)......>..#.#...###
........###.....@).#....#.#######
........# #......e......#......##
........# #............######....
...e....#*##...........#........#
...##....**#...........#.####....
...*#....*..............<........
e.,,.....#...##+#......######.#..
,,,,,,,,,#...,................#..
*,,,,,,,,+*,,,...####.###########


You could see Duvessa (berserk).

Vanquished Creatures
  A thrashing horror (Abyss:2)
  Pikel (D:4)
  An ogre (D:4)
  A small abomination (Abyss:2)
  A bullfrog (D:4)
  A scorpion (D:4)
  Dowan (D:5)
  A sleepcap (D:4)
  Natasha (twice) (D:2)
  4 adders
  A shadow imp (D:3)
  A white imp (Abyss:2)
  3 worms
  2 dart slugs
  An orc (D:5)
  3 ball pythons
  A bat (D:3)
  9 endoplasms
  5 giant cockroaches
  6 goblins
  4 hobgoblins
  9 jackals
  8 kobolds
  A quokka (D:2)
  2 frilled lizards (D:2)
  8 rats
78 creatures vanquished.

Notes
Turn   | Place    | Note
-------+----------+-------------------------------------------
     0 | D:1      | Gargoyl the Gargoyle Berserker began the quest for the Orb.
     0 | D:1      | Reached XP level 1. HP: 14/14 MP: 1/1
     1 | D:1      | Found a runed translucent door.
   252 | D:1      | Reached XP level 2. HP: 17/19 MP: 2/2
   344 | D:1      | Reached skill level 3 in Axes
   559 | D:1      | Reached XP level 3. HP: 23/23 MP: 3/3
   563 | D:1      | Reached ** piety under Trog
   606 | D:2      | Noticed Natasha
   613 | D:2      | Killed Natasha
   614 | D:2      | Reached XP level 4. HP: 29/29 MP: 4/4
   925 | D:2      | Noticed Natasha
   936 | D:2      | Killed Natasha
   958 | D:2      | Reached skill level 4 in Axes
  1477 | D:3      | Reached XP level 5. HP: 33/33 MP: 5/5
  1788 | D:3      | Found a hide-covered altar of Uskayaw.
  2244 | D:4      | Noticed Pikel
  2247 | D:4      | Noticed an ogre
  2249 | D:4      | Noticed a lemure
  2249 | D:4      | Noticed a lemure
  2251 | D:4      | Noticed a lemure
  2251 | D:4      | Noticed a lemure
  2252 | D:4      | Reached skill level 1 in Stealth
  2260 | D:4      | Killed Pikel
  2260 | D:4      | Killed an ogre
  2261 | D:4      | Reached skill level 5 in Fighting
  2261 | D:4      | Reached skill level 6 in Axes
  2261 | D:4      | Reached XP level 6. HP: 35/40 MP: 6/6
  2261 | D:4      | Reached XP level 7. HP: 39/44 MP: 7/7
  2528 | D:4      | Identified a scroll of acquirement
  2528 | D:4      | Acquired the +2 helmet of Complete Protection {Rampage}
  2587 | D:4      | Identified the +6 leather armour of the Enchanted Forest
                  | {Harm Rampage rElec Int+2}
  2708 | D:4      | Reached *** piety under Trog
  3273 | D:5      | Entered Level 5 of the Dungeon
  3366 | D:5      | Noticed Duvessa
  3367 | D:5      | Noticed Dowan
  3374 | Abyss:2  | Cast into level 2 of the Abyss (Duvessa)
  3463 | Abyss:2  | Found a corrupted altar of Lugonu.
  3471 | Abyss:2  | Reached XP level 8. HP: 49/49 MP: 8/8
  3506 | Abyss:2  | Noticed a naga warrior
  3508 | Abyss:2  | Noticed a guardian serpent
  3846 | Abyss:2  | Noticed a thrashing horror
  3861 | Abyss:2  | Killed a thrashing horror
  3862 | Abyss:2  | Reached skill level 7 in Axes
  3877 | Abyss:2  | Noticed a large abomination
  3881 | D:5      | Escaped the Abyss
  3915 | D:5      | Killed Dowan
  3915 | D:5      | Slain by Duvessa

Illustrated notes

Levels and vault maps discovered:
D:1:      dpeg_arrival_caged_fury, layout_rooms, chequers_serial_rivers_micro_e
D:2:      layout_loops_ring, kennysheep_cross_room, minmay_tripent, uniq_natasha
D:3:      layout_basic, mainiacjoe_overflow_surrounded_room,
          dreamdust_wishing_well, minmay_puff
D:4:      layout_basic, nicolae_zen_rock_garden, hangedman_abyss_or_decor_slice,
          uniq_pikel
D:5:      layout_basic, uniq_sigmund, uniq_duvessa

Skill      XL: |  1  2  3  4  5  6  7  8 |
---------------+-------------------------+-----
Axes           | 3 4 6 7 |  7.5
Dodging        | 2 3 4 |  4.1
Fighting       | 4 5 |  5.9
Stealth        | 2 |  2.6
Armour         | 3 |  3.4

Action                     |  1- 3 |  4- 6 |  7- 9 || total
---------------------------+-------+-------+-------++-------
  Melee: Hand axe          |    72 |    98 |   109 ||   279
         Punch             |       |     1 |     2 ||     3
 Invoke: Berserk           |     1 |     2 |     4 ||     7
         Trog's Hand       |       |       |     4 ||     4
    Use: Scroll            |       |     5 |    10 ||    15
 Armour: Animal skin       |    19 |    32 |    21 ||    72
         Chain mail        |       |       |    35 ||    35
  Dodge: Dodged            |    52 |    74 |    43 ||   169

Table legend: (Time is in decaauts)
 A = Elapsed time spent in this place.
 B = Non-inter-level travel time spent in this place.
 C = Inter-level travel time spent in this place.
 D = Time resting spent in this place.
 E = Time spent auto-exploring this place.
 F = Levels seen in this place.
 G = Mean time per level.
                   A        B        C        D        E       F      G
               +--------+--------+--------+--------+--------+-----+--------+
         Total |   3984 |   3883 |    101 |    251 |   2833 |   6 |  664.0 |
       Dungeon |   3452 |   3351 |    101 |      0 |   2621 |   5 |  690.4 |
         Abyss |    532 |    532 |      0 |    251 |    211 |   1 |  532.0 |
               +--------+--------+--------+--------+--------+-----+--------+

Top non-repeatable levels by time:
     D:4: 1043 daAuts
     D:3: 886 daAuts
     D:2: 791 daAuts
     D:1: 601 daAuts
 Abyss:2: 532 daAuts
     D:5: 130 daAuts
